 Dungeon Crawl Stone Soup version 0.31-a0-210-gccc998df9b (webtiles) character file.

Game seed: 2705071728013341765

0 Thug187 the Ducker (level 1, 0/16 HPs)
             Began as a Merfolk Gladiator on June 29, 2023.
             Engulfed by a cloud of poison gas (1 damage)
             ... on level 1 of the Dungeon.
             The game lasted 00:01:26 (57 turns).

Thug187 the Ducker (Merfolk Gladiator)                Turns: 57, Time: 00:01:27

Health: 0/16       AC:  4    Str: 14    XL:     1   Next: 10%
Magic:  1/1        EV: 13    Int:  7    God:
Gold:   21         SH:  0    Dex: 15    Spells: 0/0 levels left

rFire   . . .        a - +0 trident
rCold   . . .        (no shield)
rNeg    . . .        b - +0 leather armour
rPois   .            c - +0 helmet
rElec   .            (no cloak)
rCorr   .            (no gloves)
SInv    .            (no boots)
Will    .....        (no amulet)
Stlth   +            (no ring)
HPRegen 0.22/turn    (no ring)
MPRegen 0.07/turn

%: no passive effects
@: lethally poisoned (0 -> -36)
A: (nimble swimmer 2), mertail
a: no special abilities


You were on level 1 of the Dungeon.
You visited 1 branch of the dungeon, and saw 1 of its levels.

You collected 21 gold pieces.

Inventory:

Hand Weapons
 a - a +0 trident (weapon)
 g - a +0 sling
Missiles
 d - 3 throwing nets (quivered)
 e - a javelin
 f - 5 stones
Armour
 b - a +0 leather armour (worn)
 c - a +0 helmet (worn)


   Skills:
 + Level 2.2 Fighting
 + Level 4.0 Polearms
 + Level 2.0 Throwing
 + Level 4.0 Dodging


You couldn't memorise any spells.
You didn't know any spells.
Your spell library was empty.

Dungeon Overview and Level Annotations

Branches:
Dungeon (1/15)

Altars:


Innate Abilities, Weirdness & Mutations

((You are very nimble when in or above water. (Stealth+, EV+, Speed+++)))
Your lower body shifts to a powerful aquatic tail in water.


Message History

Found a staircase leading out of the dungeon.
There are no items here.
There is a staircase leading out of the dungeon here.
You now have 13 gold pieces.
Found a sling.
Found 8 gold pieces.
Found a scroll labelled WOPLI CIMN.
You see here 5 stones.
f - 5 stones You see here a +0 sling.
g - a +0 sling You see here a +0 sling.
You see here a +0 sling.
You now have 21 gold pieces (gained 8).
h - a scroll labelled WOPLI CIMN A frilled lizard comes into view.
The frilled lizard hisses angrily.
The air fills with toxic fumes!
As you read the scroll labelled WOPLI CIMN, it crumbles to dust.
It was a scroll of poison.
The frilled lizard closely misses you.
You miss the frilled lizard.
The frilled lizard bites you but does no damage.
You miss the frilled lizard. The frilled lizard barely misses you.
You barely miss the frilled lizard. The frilled lizard closely misses you.
You hit the frilled lizard.
You kill the frilled lizard!
Really walk into that cloud of poison gas? [Y]es or [N]o only, please.
Really walk into that cloud of poison gas?
Okay, then.
Really walk into that cloud of poison gas?
You are engulfed in poison gas.
You are poisoned.
You feel very sick.
You are engulfed in poison gas.
You are lethally poisoned!
* * * LOW HITPOINT WARNING * * *
You feel very sick.
You are engulfed in poison gas.
You are more poisoned.
You die...

#.........#
#....☼☼§..#
####.§§#### #○☼§#
####○☼○#### #
#§§☼.§§°☼.# #..
#○○.§§§○○.#
#....###§§§§§§§☼.#
#.....§@○§☼○§☼§§.#
#################..
... ..


There were no monsters in sight!

Vanquished Creatures
  A frilled lizard (D:1)
1 creature vanquished.

Notes
Turn   | Place    | Note
-------+----------+-------------------------------------------
     0 | D:1      | Thug187 the Merfolk Gladiator began the quest for the Orb.
     0 | D:1      | Reached XP level 1. HP: 16/16 MP: 1/1
    57 | D:1      | Engulfed by a cloud of poison gas

Illustrated notes

Levels and vault maps discovered:
D:1:      minmay_arrival_hallway, layout_rooms, serial_shops,
          nicolae_shop_trees, dk_noncrumbling_3

Action                     || total
---------------------------++-------
  Melee: Trident           ||     4
    Use: Scroll            ||     1
 Armour: Leather armour    ||     1
  Dodge: Dodged            ||     3

Table legend: (Time is in decaauts)
 A = Elapsed time spent in this place.
 B = Non-inter-level travel time spent in this place.
 C = Inter-level travel time spent in this place.
 D = Time resting spent in this place.
 E = Time spent auto-exploring this place.
 F = Levels seen in this place.
 G = Mean time per level.
                   A        B        C        D        E       F      G
               +--------+--------+--------+--------+--------+-----+--------+
         Total |     57 |     57 |      0 |      0 |      0 |   1 |   57.0 |
       Dungeon |     57 |     57 |      0 |      0 |      0 |   1 |   57.0 |
               +--------+--------+--------+--------+--------+-----+--------+

Top non-repeatable levels by time:
     D:1: 57 daAuts
